Map: Catalyst LE

Players

Sioras

  • Race: Zerg Zerg
  • League: Master
  • Spawn Location: 5:00

Classic - Winner!

  • Race: Protoss Protoss
  • Spawn Location: 11:00

Event: WESG 2017 Haikou

VOD

Have the link to the VOD?

Description

Time

  • Played on: March 15, 2018, 6:15 a.m.
  • Length: 7:16

All games in this series

Show
View Real Time Build Order
Export as new Build Order

Sioras Zerg 

Build Orders: Hatch First 

Get SALT Encoding   

  12  0:01  Drone  
  13  0:08  Drone  
  14  0:17  Overlord  
  14  0:23  Extractor, Drone  
  15  0:35  Drone  
  16  0:49  Hatchery  
  15  0:53  Drone  
  15  0:55  Drone  
  17  0:58  Drone  
  18  1:09  Extractor  
  17  1:15  Spawning Pool  
  17  1:17  Drone  
  17  1:21  Drone  
  18  1:26  Drone  
  19  1:37  Drone  
  20  1:49  Overlord  
  20  2:05  Queen  
  20  2:06  Zergling x2  
  20  2:07  Queen, Zergling x2  
  26  2:10  Metabolic Boost  
  26  2:15  Drone  
  27  2:16  Drone  
  27  2:20  Drone  
  29  2:23  Drone  
  30  2:31  Drone  
  31  2:41  Hatchery  
  30  2:46  Drone  
  30  2:47  Drone  
  30  2:50  Drone  
  33  2:53  Overlord  
  33  2:55  Zergling x2  
  34  3:03  Zergling x2  
  35  3:13  Drone  
  35  3:14  Drone  
  35  3:15  Drone  
  35  3:16  Drone  
  35  3:17  Drone, Queen  
  42  3:20  Overlord  
  42  3:22  Drone x2  
  44  3:39  Spore Crawler  
  44  3:41  Drone  
  44  3:42  Drone, Spore Crawler  
  44  3:43  Drone x3  
  44  3:46  Drone  
  44  3:47  Drone  
  49  3:52  Overlord  
  49  3:53  Overlord  
  49  3:54  Drone x2  
  50  3:57  Spore Crawler  
  50  4:02  Drone  
  44  4:03  Drone  
  44  4:04  Drone  
  45  4:12  Drone  
  45  4:14  Drone  
  45  4:16  Drone  
  48  4:21  Evolution Chamber  
  48  4:22  Drone  
  48  4:27  Drone  
  48  4:30  Drone  
  48  4:31  Queen  
  50  4:40  Drone  
  50  4:41  Drone x4  
  51  4:48  Zerg Melee Weapons Level 1  
  51  4:49  Drone  
  52  4:53  Zergling x16  
  52  4:57  Overlord  
  60  5:01  Zergling x2  
  60  5:05  Overlord  
  61  5:07  Queen  
  63  5:19  Baneling Nest  
  63  5:20  Drone x6  
  63  5:21  Drone, Extractor  
  67  5:24  Overlord  
  67  5:27  Drone  
  66  5:32  Drone x2  
  66  5:34  Overlord  
  68  5:39  Lair  
  68  5:43  Drone  
  68  5:46  Queen  
  71  5:51  Zergling x2  
  71  5:52  Overlord  
  71  5:53  Drone x2  
  71  5:54  Drone x2  
  76  6:06  Drone x2  
  78  6:13  Drone  
  78  6:14  Overlord  
  78  6:17  Drone x7  
  86  6:19  Baneling  
  86  6:20  Baneling x7  
  86  6:21  Queen  
  86  6:23  Queen  
  86  6:24  Zergling x2  
  86  6:25  Zergling x10  
  96  6:28  Spine Crawler  
  96  6:31  Spine Crawler, Baneling x2  
  94  6:37  Zergling x2  
  94  6:38  Zergling x6  
  85  6:52  Zergling x2  
  85  6:53  Zergling x14  
Show
View Real Time Build Order
Export as new Build Order

Classic Protoss - Winner!

Build Orders: 1 Gate Expand, Oracle Opening, Zealot Archon, Archon Drop 

Get SALT Encoding   

  12  0:00  Probe  
  13  0:12  Probe  
  14  0:17  Pylon  
  14  0:24  Probe (Chrono Boost)  
  15  0:36  Probe (Chrono Boost)  
  15  0:38  Gateway  
  16  0:44  Probe (Chrono Boost)  
  16  0:47  Assimilator  
  17  0:51  Probe  
  18  1:03  Probe  
  19  1:15  Probe  
  20  1:25  Nexus  
  20  1:28  Probe  
  21  1:38  Cybernetics Core  
  21  1:41  Probe  
  22  1:47  Assimilator  
  22  1:53  Pylon  
  22  1:57  Probe  
  23  2:11  Probe  
  23  2:13  Adept (Chrono Boost)  
  26  2:19  Stargate  
  26  2:23  Probe  
  26  2:25  Warp Gate  
  27  2:31  Adept  
  29  2:37  Probe x2 (Chrono Boost)  
  31  2:47  Probe x2 (Chrono Boost)  
  33  2:52  Probe x2 (Chrono Boost)  
  35  2:59  Oracle (Chrono Boost)  
  35  3:04  Probe x2  
  40  3:09  Pylon  
  40  3:16  Probe x2  
  42  3:22  Gateway  
  42  3:23  Assimilator  
  42  3:26  Assimilator  
  42  3:28  Probe x2  
  42  3:29  Oracle (Chrono Boost)  
  47  3:39  Pylon  
  47  3:40  Probe x2  
  49  3:44  Adept  
  51  3:52  Probe x2  
  53  3:58  Robotics Facility  
  53  4:04  Probe x2  
  53  4:05  Phoenix  
  57  4:12  Pylon  
  57  4:15  Twilight Council  
  57  4:18  Probe  
  58  4:28  Gateway  
  58  4:30  Gateway  
  58  4:45  Charge (Chrono Boost)  
  58  4:46  Warp Prism  
  58  4:49  Gateway  
  58  4:50  Gateway  
  60  4:53  Templar Archives  
  60  4:58  Gateway  
  60  5:04  Gateway  
  60  5:09  Pylon  
  60  5:13  Zealot x2  
  64  5:16  Pylon  
  64  5:34  High Templar  
  64  5:35  High Templar x3  
  72  5:37  Pylon  
  72  5:39  Archon x2  
  72  5:40  Pylon  
  72  5:54  Pylon  
  72  5:56  Zealot x3  
  78  6:01  Nexus  
  78  6:03  High Templar  
  80  6:07  High Templar  
  80  6:08  Zealot x2  
  80  6:09  Zealot  
  88  6:12  Archon  
  88  6:25  Zealot x3  
  94  6:30  Zealot x3  
  100  6:39  Pylon  
  96  6:56  High Templar x4  
  96  6:57  Zealot x2  
  96  6:58  Zealot x2  
Tags
 
Add a new tag
Caveats
  • Supply blocks, unpowered buildings, or Contaminate may cause inaccurate times.
  • Supply counts are checked every 10 seconds.